 Dungeon Crawl Stone Soup version 0.20.1-1-g8b1a95d (webtiles) character file.

13 Phantomfrettchen the Insei (level 2, -4/18 HPs)
             Began as an Octopode Transmuter on Oct 7, 2017.
             Slain by a leopard gecko (5 damage)
             ... on level 1 of the Dungeon.
             The game lasted 00:02:31 (550 turns).

Phantomfrettchen the Insei (Octopode Transmuter)     Turns: 550, Time: 00:02:32

Health: -4/18      AC:  1    Str:  9    XL:     2   Next: 37%
Magic:  5/5        EV: 13    Int: 15    God:
Gold:   38         SH:  0    Dex: 12    Spells: 2/5 levels left

rFire    . . .     SeeInvis .     - Unarmed
rCold    . . .     Gourm    .   (no shield)
rNeg     . . .     Faith    .   (helmet restricted)
rPois    .         Spirit   .   (no amulet)
rElec    .         Reflect  .   (no ring)
rCorr    .         Harm     .   (no ring)
MR       .....                  (no ring)
Stlth    ++........             (no ring)
Regen    0.1/turn               (no ring)
MPRegen  0.1/turn               (no ring)
                                (no ring)
                                (no ring)

@: no status effects
A: almost no armour, stealthy swim, amphibious, 8 rings, constrict 8, camouflage
1, gelatinous body 1
a: no special abilities


You were on level 1 of the Dungeon.
You were not hungry.

You visited 1 branch of the dungeon, and saw 1 of its levels.

You collected 38 gold pieces.

Inventory:

Hand Weapons
 j - a +0 hunting sling
Missiles
 a - 28 arrows
 d - 53 stones (quivered)
 g - 18 sling bullets
 h - 25 bolts
Scrolls
 e - a scroll of teleportation {unknown}
 k - a scroll of enchant weapon {unknown}
Books
 b - a book of Changes

   Spells                             Type                      Level
   a - Beastly Appendage              Transmutation                1
   b - Sticks to Snakes               Transmutation                2
   c - Spider Form                    Transmutation/Poison         3
   d - Ice Form                       Ice/Transmutation            4
   e - Blade Hands                    Transmutation                5
Comestibles
 c - 3 bread rations
 f - 4 chunks of flesh
 i - a royal jelly


   Skills:
 - Level 1.0 Fighting
 - Level 2.0 Dodging
 + Level 3.7 Unarmed Combat
 - Level 2.0 Spellcasting
 - Level 2.0 Transmutations


You had 2 spell levels left.
You knew the following spells:

 Your Spells              Type           Power        Failure   Level  Hunger
a - Beastly Appendage     Tmut           #.....       10%         1    #......
b - Sticks to Snakes      Tmut           #.......     14%         2    ###....


Dungeon Overview and Level Annotations

Branches:
Dungeon (1/15)

Altars:


Innate Abilities, Weirdness & Mutations

You cannot wear most types of armour.
You are very stealthy in the water. (Stealth+)
You are amphibious.
You can wear up to eight rings at the same time.
You can use your tentacles to constrict eight enemies at once.
Your skin changes colour to match your surroundings (Stealth+).
Your rubbery body absorbs attacks. (AC +1, EV +1)


Message History

You kill the goblin!
You tentacle-slap the leopard gecko. Your grab misses the leopard gecko.
The leopard gecko is lightly wounded.
The leopard gecko bites you. x2
A rat comes into view.
You miss the leopard gecko. You grab the leopard gecko.
The leopard gecko is lightly wounded.
You constrict the leopard gecko, but do no damage.
The leopard gecko barely misses you.
You tentacle-slap the leopard gecko.
The leopard gecko is moderately wounded.
You constrict the leopard gecko. The goblin hits you with a dagger.
The leopard gecko bites you.
* * * LOW HITPOINT WARNING * * *
You release your grip on the leopard gecko.
The leopard gecko bites you.
* * * LOW HITPOINT WARNING * * *
The goblin hits you but does no damage. The leopard gecko bites you.
You die...

###....................#
#....................#
#....................###
#..###.........###.....#
#..## ##..r....##
##..#.# #..# #.......#
#..#.# #..# ##.......##
##.##.#
#.......g.###...#.#
.........l@......#.#
#.#..####.#####....##
....# #.# ###...######
#### #.# #........# #.#
#..##....# #.#
#.รท##....## #.#
##......... #.#
##.##.##.## #..##.##.##


You could see a leopard gecko, a goblin and a rat.

Vanquished Creatures
  A dart slug (D:1)
  3 bats (D:1)
  2 goblins (D:1)
  A hobgoblin (D:1)
  2 kobolds (D:1)
  A rat (D:1)
10 creatures vanquished.

Notes
Turn   | Place    | Note
-------+----------+-------------------------------------------
     0 | D:1      | Phantomfrettchen the Octopode Transmuter began the quest for the Orb.
     0 | D:1      | Reached XP level 1. HP: 13/13 MP: 3/3
   339 | D:1      | Reached XP level 2. HP: 15/18 MP: 5/5
   487 | D:1      | Learned a level 2 spell: Sticks to Snakes
   550 | D:1      | Slain by a leopard gecko

Action                   || total
-------------------------++-------
Melee: Unarmed           ||    36
       Constrict         ||     7
       Tentacles         ||     4
Throw: Stone             ||     9
Armor: Skin              ||     9
Dodge: Dodged            ||    37
